 Dungeon Crawl Stone Soup version 0.23.2-1-ga50397a6bc (webtiles) character file.

Game seed: 5928485599866317054

114 Menchi the Covered (level 4, -5/40 HPs)
             Began as a Naga Wanderer on May 17, 2019.
             Slain by an orc
             ... wielding a +0 hand axe
              (6 damage)
             ... on level 3 of the Dungeon.
             The game lasted 00:04:49 (2135 turns).

Menchi the Covered (Naga Wanderer)                  Turns: 2135, Time: 00:04:51

Health: -5/40      AC:  4    Str: 17    XL:     4   Next: 98%
Magic:  4/4        EV: 10    Int: 13    God:
Gold:   106        SH:  0    Dex: 14    Spells: 3/3 levels left

rFire    x . .     SeeInvis +   q - +2 long sword "Taungirr" {flame, rF- Dex+6}
rCold    . . .     Gourm    .   (no shield)
rNeg     . . .     Faith    .   s - -1 acid dragon scales (curse)
rPois    +         Spirit   .   (no helmet)
rElec    .         Reflect  .   (no cloak)
rCorr    +         Harm     +   (no gloves)
MR       .....                  (no barding)
Stlth    ++........             m - amulet of harm
HPRegen  0.13/turn              (no ring)
MPRegen  0.09/turn              (no ring)

@: very slow
A: large, see invisible, deformed body, poison resistance, slowness 2, slow
metabolism 1, spit poison 1, AC +1
a: Spit Poison


You were on level 3 of the Dungeon.
You were not hungry.

You visited 1 branch of the dungeon, and saw 3 of its levels.

You collected 106 gold pieces.

Inventory:

Hand Weapons
 a - a +2 mace
 b - a +0 shortbow
 f - a +0 dagger
 q - the +2 long sword "Taungirr" (weapon) {flame, rF- Dex+6}
   (You found it on level 3 of the Dungeon)

   It has been specially enchanted to burn those struck by it, causing extra
   injury to most foes and up to half again as much damage against particularly
   susceptible opponents.
   Big, fiery blades are also staple armaments of hydra-hunters.
   It affects your dexterity (+6).
   It makes you vulnerable to fire.
Missiles
 c - 56 arrows
Armour
 e - a +0 robe
 k - a +0 shield
 s - cursed -1 acid dragon scales (worn)
Jewellery
 m - an amulet of harm (around neck)
Wands
 h - a wand of flame (13)
Scrolls
 i - a scroll of teleportation
 j - a scroll of identify
Potions
 d - 4 potions of curing
 o - a potion of ambrosia
 p - a potion of flight
Comestibles
 g - 5 rations
 r - 3 chunks of flesh


   Skills:
 + Level 2.7 Fighting
 + Level 1.2 Long Blades
 - Level 1.0 Maces & Flails
 - Level 1.7 Bows
 - Level 3.2 Armour
 + Level 1.9 Dodging
 - Level 3.0 Stealth
 + Level 1.3 Shields


You had 3 spell levels left.
You didn't know any spells.
Your spell library contained the following spells:

 Spells                   Type           Power        Failure   Level  Hunger
 Confusing Touch          Hex            #.....       38%         1    ##.....
 Confuse                  Hex            #.......     77%         3    ####...
 Gell's Gravitas          Tloc           #.........   77%         3    ####...
 Petrify                  Tmut/Erth      #.......     99%         4    #####..
 Metabolic Englaciation   Hex/Ice        #.........   100%        5    ######.
 Yara's Violent Unravell  Hex/Tmut       #.........   100%        5    ######.


Dungeon Overview and Level Annotations

Branches:
Dungeon (3/15)

Altars:
Ashenzari
Elyvilon
Fedhas
Hepliaklqana


Innate Abilities, Weirdness & Mutations

You cannot wear boots.
Your serpentine skin is tough. (AC +1)
You have supernaturally acute eyesight. (SInv)
Armour fits poorly on your strangely shaped body.
Your system is resistant to poisons. (rPois)
You cover ground very slowly.
You have a slow metabolism.
You can spit poison.


Message History

The orc barely misses you.
You riposte.
You completely miss the orc. The orc hits you.
* * * LOW HITPOINT WARNING * * *
The orc hits you with a +0 hand axe.
* * * LOW HITPOINT WARNING * * *
The orc hits you but does no damage. The orc misses you.
The orc hits you but does no damage.
You completely miss the orc. The orc barely misses you. The orc hits you.
* * * LOW HITPOINT WARNING * * *
The orc misses you.
You hit the orc. You burn the orc.
The orc is heavily wounded.
The orc barely misses you.
You hit the orc. You burn the orc.
The orc is severely wounded.
The orc misses you. The orc barely misses you.
You riposte.
You hit the orc. You burn the orc.
You kill the orc!
The orc hits you with a +0 hand axe.
You die...

#.#.....>............(...>....'..
#. .####..#####...........#...#..
#.# #.......####..........#######
#.#.#..#.####..##.........#
#.#.#.##.# #....#...÷.....#
#.#......# #_.⌠.###########
#$###.##.# #.....####
#.....##.####...o#$.#
#####.......#8..@)..#
#......##...o#.......
#......#.....#...###.
#...[..#_.⌠.##..... #......#....#
...### #......##..## ...#
.........#### .... .....#######
####. .....#


You could see 2 orcs.

Vanquished Creatures
  An orc priest (D:3)
  A gnoll (D:3)
  A dart slug (D:2)
  4 leopard geckos
  6 orcs (D:3)
  2 ball pythons
  3 giant cockroaches
  6 goblins
  5 hobgoblins
  9 kobolds
  2 quokkas (D:3)
  6 bats
  10 frilled lizards
  8 rats
64 creatures vanquished.

Notes
Turn   | Place    | Note
-------+----------+-------------------------------------------
     0 | D:1      | Menchi the Naga Wanderer began the quest for the Orb.
     0 | D:1      | Menchi set off with the following items: a +2 mace, a +0
                  | shortbow, 26 arrows, a potion of curing, a +0 robe, a +0
                  | dagger, a ration
     0 | D:1      | Reached XP level 1. HP: 18/18 MP: 1/1
   250 | D:1      | Reached XP level 2. HP: 24/25 MP: 2/2
   329 | D:1      | Reached skill level 1 in Dodging
   859 | D:1      | Reached XP level 3. HP: 32/32 MP: 3/3
  1057 | D:2      | Found a blossoming altar of Fedhas.
  1674 | D:3      | Got a dazzling long sword
  1689 | D:3      | Identified the +2 long sword "Taungirr" {flame, rF- Dex+6}
                  | (You found it on level 3 of the Dungeon)
  1800 | D:3      | Found a white marble altar of Elyvilon.
  1804 | D:3      | Reached XP level 4. HP: 40/40 MP: 4/4
  1810 | D:3      | Reached skill level 1 in Shields
  2106 | D:3      | Found a hazy altar of Hepliaklqana.
  2106 | D:3      | Found a shattered altar of Ashenzari.
  2130 | D:3      | Reached skill level 1 in Long Blades
  2133 | D:3      | HP: 1/40 [orc (2)]
  2135 | D:3      | Slain by an orc

Skill      XL: |  1  2  3  4 |
---------------+-------------+-----
Dodging        | 1 |  1.9
Fighting       | 2 |  2.7
Shields        | 1 |  1.3
Long Blades    | 1 |  1.2
Maces & Flails | |  1.0
Bows           | |  1.7
Armour         | |  3.2
Stealth        | |  3.0

Action                   |  1- 3 |  4- 6 || total
-------------------------+-------+-------++-------
Melee: Mace              |    93 |       ||    93
       Long sword        |    14 |    30 ||    44
  Use: Scroll            |       |     4 ||     4
 Stab: Sleeping          |    13 |     3 ||    16
  Eat: Chunk             |     2 |     1 ||     3
Armor: Robe              |    33 |     5 ||    38
       Acid dragon scale |       |    12 ||    12
Dodge: Dodged            |    69 |    24 ||    93
       Rpst.: Long sword |     3 |     7 ||    10
